 Dungeon Crawl Stone Soup version 0.23.2 (webtiles) character file.

Game seed: 4876743468952102977

154 Borgoz the Cutter (level 5, -2/32 HPs)
             Began as a Kobold Gladiator on Apr 12, 2019.
             Was an Initiate of Ashenzari.
             Killed by divine providence
             ... invoked by an orc priest
              (14 damage)
             ... on level 4 of the Dungeon.
             The game lasted 00:03:18 (2377 turns).

Borgoz the Cutter (Kobold Gladiator)                Turns: 2377, Time: 00:03:19

Health: -2/32      AC:  5    Str: 12    XL:     5   Next: 62%
Magic:  5/5        EV: 17    Int:  9    God:    Ashenzari [......]
Gold:   227        SH:  0    Dex: 17    Spells: 4/4 levels left

rFire    . . .     SeeInvis .   a - +0 rapier
rCold    . . .     Gourm    .   (shield restricted)
rNeg     . . .     Faith    .   b - +0 leather armour
rPois    .         Spirit   .   c - +0 helmet
rElec    .         Reflect  .   e - +0 cloak
rCorr    .         Harm     .   (no gloves)
MR       .....                  (no boots)
Stlth    +.........             (no amulet)
HPRegen  0.10/turn              (no ring)
MPRegen  0.09/turn              (no ring)

@: no status effects
A: small, talons 1, carnivore
a: Curse Item, Renounce Religion


You were on level 4 of the Dungeon.
You worshipped Ashenzari.
Ashenzari was noncommittal.
You were completely stuffed.

You visited 1 branch of the dungeon, and saw 4 of its levels.

You collected 227 gold pieces.

Inventory:

Hand Weapons
 a - a +0 rapier (weapon)
Missiles
 d - 3 throwing nets (quivered)
Armour
 b - a +0 leather armour (worn)
 c - a +0 helmet (worn)
 e - a +0 cloak (worn)
Jewellery
 g - a cursed amulet of inaccuracy
 r - an uncursed ring of protection from magic
Wands
 o - a wand of disintegration (18)
Scrolls
 j - a scroll of enchant weapon {unknown}
 l - 2 scrolls of remove curse
 n - a scroll of magic mapping {unknown}
 s - a scroll of immolation {unknown}
 t - 2 scrolls of teleportation
Potions
 i - 3 potions of curing
 k - a potion of magic
 m - a potion of resistance
 p - a potion of ambrosia
 q - a potion of lignification
 v - a potion of brilliance {unknown}
Comestibles
 f - 4 rations


   Skills:
 + Level 3.5 Fighting
 + Level 5.2 Short Blades
 - Level 2.1 Throwing
 + Level 1.7 Armour
 + Level 4.6 Dodging


You had 4 spell levels left.
You didn't know any spells.
Your spell library was empty.

Dungeon Overview and Level Annotations

Branches:
Dungeon (4/15)
 Temple: D:4-7

Altars:
Ashenzari
Elyvilon
Nemelex Xobeh

Annotations:
D:3 3 runed translucent doors, eccles's ghost, weakling DrFE


Innate Abilities, Weirdness & Mutations

You are small and have problems with some larger weapons.
You are carnivorous and can eat meat at any time.
You have sharp toenails.


Message History

You hit the orc priest but do no damage.
The orc priest is heavily wounded.
The orc hits you with a +0 hand axe. The orc priest barely misses you.
The orc barely misses you.
You hit the orc priest but do no damage.
Your kick misses the orc priest.
The orc priest is heavily wounded.
The orc hits you with a +0 hand axe. The centaur skeleton misses you.
The worker ant bites you but does no damage.
The orc priest misses you. The centaur skeleton misses you.
The orc barely misses you.
You hit the orc priest but do no damage.
Your kick misses the orc priest.
The orc priest is heavily wounded.
The orc hits you with a +0 club. The worker ant bites you.
The centaur skeleton misses you. The orc misses you.
The orc priest invokes the aid of Beogh against you.
Beogh smites you!
You die...

##### #########
##..<.. #.......#
.......
#.#####.##a......
#.###...o@o....#
#.....#.ooZ......
###.#####.###....
#...# .... #.#
#...# ##### # ###
#...# #### .<#
##.##....# ###
#...# #.#####..


You could see a worker ant, an orc priest, 3 orcs and a centaur skeleton.

Vanquished Creatures
  An orc priest (D:4)
  4 gnolls (D:3)
  3 adders
  2 dart slugs (D:2)
  4 orcs (D:3)
  3 giant cockroaches
  8 goblins
  9 hobgoblins
  2 jackals (D:2)
  A quokka (D:3)
  A ball python (D:4)
  3 bats
  3 frilled lizards
  2 kobolds
  6 rats
52 creatures vanquished.

Vanquished Creatures (others)
  A quokka (D:2)
  A plant (D:3)
2 creatures vanquished.

Grand Total: 54 creatures vanquished

Notes
Turn   | Place    | Note
-------+----------+-------------------------------------------
     0 | D:1      | Borgoz the Kobold Gladiator began the quest for the Orb.
     0 | D:1      | Reached XP level 1. HP: 12/12 MP: 1/1
   197 | D:1      | Reached XP level 2. HP: 16/18 MP: 2/2
   540 | D:2      | Found a white marble altar of Elyvilon.
   757 | D:2      | Reached XP level 3. HP: 22/22 MP: 3/3
   834 | D:2      | Found a sparkling altar of Nemelex Xobeh.
   866 | D:2      | Reached skill level 1 in Armour
   973 | D:2      | Reached XP level 4. HP: 21/27 MP: 4/4
  1282 | D:3      | Found a runed translucent gate.
  1282 | D:3      | Found a runed translucent gate.
  1282 | D:3      | Noticed eccles's ghost (weakling DrFE)
  1283 | D:3      | Found a runed translucent gate.
  1448 | D:3      | Found a shattered altar of Ashenzari.
  1487 | D:3      | Reached skill level 5 in Short Blades
  1487 | D:3      | Reached XP level 5. HP: 20/32 MP: 5/5
  1725 | D:3      | Became a worshipper of Ashenzari the Shackled
  2363 | D:4      | Gained mutation: Your body sometimes deteriorates upon
                  | taking damage. [potion of mutation]
  2363 | D:4      | Lost mutation: Your body sometimes deteriorates upon taking
                  | damage. [potion of mutation]
  2363 | D:4      | Gained mutation: You have sharp toenails. [potion of
                  | mutation]
  2377 | D:4      | Killed from afar by an orc priest

Skill      XL: |  1  2  3  4 |
---------------+-------------+-----
Dodging        | 4 |  4.6
Armour         | 1 |  1.7
Fighting       | 3 |  3.5
Short Blades   | 5 |  5.2
Throwing       | |  2.1

Action                   |  1- 3 |  4- 6 || total
-------------------------+-------+-------++-------
Melee: Rapier            |    81 |   108 ||   189
       Kick              |       |     2 ||     2
  Use: Potion            |     1 |     5 ||     6
       Scroll            |       |     6 ||     6
  Eat: Chunk             |     6 |     7 ||    13
Armor: Leather armour    |    15 |    16 ||    31
Dodge: Dodged            |    59 |    95 ||   154
